 Dungeon Crawl Stone Soup version 0.32-a0-468-g38b2580584 (webtiles) character file.

Game seed: 6149291346275585038

3194 CougarLife the Geomancer (level 9, 0/45 HPs)
             Began as a Gargoyle Earth Elementalist on Feb 25, 2024.
             Was a Follower of Vehumet.
             Shot with a bolt by an orc (7 damage)
             ... in a bailey.
             The game lasted 00:10:25 (7351 turns).

CougarLife the Geomancer (GrEE)                     Turns: 7351, Time: 00:10:26

Health: 0/45       AC: 17    Str: 13    XL:     9   Next: 96%
Magic:  20/20      EV: 11    Int: 19    God:    Vehumet [*.....]
Gold:   454        SH:  0    Dex: 10    Spells: 19/23 levels left

rFire   + . .        e - +0 dagger
rCold   + . .        (no shield)
rNeg    + . .        B - +2 leather armour {rC+}
rPois   ∞            (no helmet)
rElec   +            (no cloak)
rCorr   .            (no gloves)
SInv    .            n - +1 pair of boots
Will    .....        d - amulet of regeneration
Stlth   ++           w - ring of protection from fire
HPRegen 1.07/turn    y - +4 ring of protection
MPRegen 0.17/turn

%: no passive effects
@: very slightly contaminated
A: sickness immunity, AC +6, negative energy resistance 1, electricity
resistance, torment resistance 1, petrification resistance
a: Renounce Religion


You were in a bailey.
You worshipped Vehumet.
Vehumet was aware of your devotion.
You visited 2 branches of the dungeon, and saw 9 of its levels.
You also visited: Ossuary and Bailey.

You collected 454 gold pieces.

Inventory:

Hand Weapons
 e - a +0 dagger (weapon)
Armour
 n - a +1 pair of boots (worn)
 B - a +2 leather armour of cold resistance (worn)
Jewellery
 d - an amulet of regeneration (around neck)
 w - a ring of protection from fire (left hand)
 y - a +4 ring of protection (right hand)
Wands
 j - a wand of mindburst (7)
 v - a wand of roots (4)
 x - a wand of paralysis (13)
 C - a wand of light (6)
Scrolls
 a - a scroll of vulnerability {unknown}
 f - 2 scrolls of poison
 g - 2 scrolls of revelation {unknown}
 k - 2 scrolls of blinking
 l - 4 scrolls of fog
 m - a scroll of silence {unknown}
 o - 3 scrolls of enchant weapon
 p - 2 scrolls of amnesia
 A - 2 scrolls of teleportation {unknown}
Potions
 c - 4 potions of lignification {unknown}
 i - 2 potions of haste {unknown}
 q - 3 potions of curing {unknown}
 r - 4 potions of mutation
 s - a potion of cancellation {unknown}
 t - 4 potions of heal wounds {unknown}
 u - 2 potions of brilliance {unknown}
 z - a potion of berserk rage {unknown}


   Skills:
 - Level 1.5 Dodging
 - Level 2.1 Stealth
 + Level 7.6 Spellcasting
 + Level 8.6 Conjurations
 + Level 10.1 Earth Magic


You had 19 spell levels left.
You knew the following spells:

 Your Spells              Type           Power      Damage    Failure   Level
a - Sandblast             Erth           90%        2d19      1%          1
b - Stone Arrow           Conj/Erth      84%        3d12      1%          3

Your spell library contained the following spells:

 Spells                   Type           Power      Damage    Failure   Level
 Magic Dart               Conj           100%       1d8       1%          1
 Sting                    Conj/Alch      92%        1d8       1%          1
 Passwall                 Erth           45%        N/A       1%          3
 Brom's Barrelling Bould  Conj/Erth      42%        2d6       2%          4
 Apportation              Tloc           14%        N/A       12%         1
 Necrotise                Necr           28%        1d5       12%         1
 Summon Small Mammal      Summ           28%        N/A       12%         1
 Petrify                  Alch/Erth      26%        N/A       16%         4
 Summon Ice Beast         Ice/Summ       7%         N/A       36%         3
 Summon Mana Viper        Hex/Summ       7%         N/A       98%         5
 Malign Gateway           Summ/Tloc      3%         N/A       100%        7
 Monstrous Menagerie      Summ           3%         N/A       100%        7
 Summon Horrible Things   Summ           3%         N/A       100%        8


Dungeon Overview and Level Annotations

Branches:
Dungeon (8/15)             Temple (1/1) D:6         Ossuary (visited)
 Bailey (1/1)
   Lair: D:8-11

Altars:
Ashenzari
Cheibriados
Dithmenos
Elyvilon
Fedhas
Gozag
Hepliaklqana
Kikubaaqudgha
Makhleb
Nemelex Xobeh
Okawaru
Qazlal
Ru
Sif Muna
Uskayaw
Vehumet
Wu Jian
Xom
Yredelemnul
Zin
The Shining One


Innate Abilities, Weirdness & Mutations

You are immune to sickness and miasma.
Your stone body is resilient. (AC +6)
You are immune to poison.
You resist negative energy. (rN+)
You are resistant to electric shocks. (rElec)
You are resistant to unholy torment.
You are immune to petrification.


Message History

The orc shoots a bolt.
The bolt hits you but does no damage.
The orc warrior shoots a bolt.
The bolt hits you but does no damage.
The orc warrior shoots a bolt.
The bolt barely misses you.
Casting: Stone Arrow (safe; 1% risk of failure)
Confirm with . or Enter, or press ? or * to list all spells.
Aiming: Stone Arrow (safe; 1% risk of failure)
Press: ? - help, Shift-Dir - straight line, f/p - orc warrior
Aim: an orc warrior, wielding a +0 arbalest and wearing a +0 scale mail (severely wounded, 70% to hit)
The stone arrow misses the orc warrior.
The orc shoots a bolt.
The bolt barely misses you.
The orc warrior shoots a bolt.
The bolt hits you but does no damage.
Casting: Stone Arrow (safe; 1% risk of failure)
Confirm with . or Enter, or press ? or * to list all spells.
Aiming: Stone Arrow (safe; 1% risk of failure)
Press: ? - help, Shift-Dir - straight line, f/p - orc warrior
Aim: an orc warrior, wielding a +0 arbalest and wearing a +0 scale mail (severely wounded, 70% to hit)
The stone arrow misses the orc warrior.
The orc shoots a bolt.
The bolt closely misses you.
The orc warrior shoots a bolt.
The bolt hits you!
The orc warrior shoots a bolt.
The bolt misses you.
Casting: Stone Arrow (safe; 1% risk of failure)
Confirm with . or Enter, or press ? or * to list all spells.
Aiming: Stone Arrow (safe; 1% risk of failure)
Press: ? - help, Shift-Dir - straight line, f/p - orc warrior
Aim: an orc warrior, wielding a +0 arbalest and wearing a +0 scale mail (severely wounded, 70% to hit)
The stone arrow hits the orc warrior!
You kill the orc warrior!
Vehumet accepts your kill.
The orc shoots a bolt.
The bolt hits you but does no damage.
The orc warrior shoots a bolt.
The bolt hits you!
Casting: Stone Arrow (safe; 1% risk of failure)
Confirm with . or Enter, or press ? or * to list all spells.
Aiming: Stone Arrow (safe; 1% risk of failure)
Press: ? - help, Shift-Dir - straight line, f - orc warrior
Aim: an orc warrior, wielding a +0 arbalest and wearing a +0 ring mail (70% to hit)
You miscast Stone Arrow.
You are very lightly contaminated with residual magic.
Nothing appears to happen.
The orc warrior shoots a bolt.
The bolt hits you!
* * * LOW HITPOINT WARNING * * *
Magic courses through your body.
The orc shoots a bolt.
The bolt hits you!
You die...

.............#
#.............#
#.............#
#............#
#............#
#.......o....#
#....o.......#
##...)........#
#........@....#
##.............#
##..............# #
####...≈≈≈.≈≈......#
###......≈##.#≈≈.....#
.........≈#∩.##≈..)..#
..........))..#≈....)#
.........≈##.##≈.....#
.........≈≈###≈≈.....#


You could see an orc warrior and an orc.

Vanquished Creatures
  Menkaure (D:4)
  Duvessa (D:6)
  2 water moccasins (D:6)
  A black bear (D:7)
  An ogre (D:6)
  5 orc warriors (Bailey)
  A phantom (D:4)
  An elf zombie (Ossuary)
  2 weeping skulls (Ossuary)
  A bullfrog (D:6)
  Blork the orc (D:4)
  7 scorpions
  Dowan (D:6)
  3 electric eels (D:8)
  5 howler monkeys (D:7)
  2 bombardier beetles
  3 hounds
  4 jellies
  An orc priest (D:7)
  A sleepcap (D:6)
  A gnoll bouda (D:5)
  Ijyb (D:4)
  Terence (D:3)
  An iguana (D:4)
  2 orc wizards (D:7)
  5 mummies
  11 gnolls
  9 adders
  A shadow imp (D:7)
  2 white imps (D:6)
  4 ufetubi
  A dart slug (D:3)
  2 ribbon worms
  30 orcs
  6 endoplasms
  3 giant cockroaches
  3 gnoll zombies (Ossuary)
  7 goblins
  7 hobgoblins
  7 jackals
  2 quokkas
  8 ball pythons
  4 bats
  3 frilled lizards
  7 kobolds
  4 orc zombies (Ossuary)
  6 rats
182 creatures vanquished.

Notes
Turn   | Place    | Note
-------+----------+-------------------------------------------
     0 | D:1      | CougarLife the Gargoyle Earth Elementalist began the quest
                  | for the Orb.
     0 | D:1      | Reached XP level 1. HP: 10/10 MP: 3/3
   239 | D:1      | Reached XP level 2. HP: 15/15 MP: 1/5
   551 | D:1      | Reached skill level 4 in Earth Magic
   954 | D:2      | Reached XP level 3. HP: 19/19 MP: 4/6
  1787 | D:3      | Identified the +1 robe of Negligence {^Contam rElec Regen+
                  | SInv}
  1820 | D:3      | Found a glowing golden altar of the Shining One.
  1910 | D:3      | Reached XP level 4. HP: 24/24 MP: 2/8
  1977 | D:3      | Found a stormy altar of Qazlal.
  2040 | D:3      | Noticed Terence
  2047 | D:3      | Killed Terence
  2193 | D:3      | Found a hide-covered altar of Uskayaw.
  2204 | D:3      | Found a white marble altar of Elyvilon.
  2419 | D:4      | Reached XP level 5. HP: 28/28 MP: 2/9
  2463 | D:4      | Noticed Blork the orc
  2472 | D:4      | Killed Blork the orc
  2473 | D:4      | Reached skill level 5 in Earth Magic
  2711 | D:4      | Found a basalt altar of Yredelemnul.
  2760 | D:4      | Found a sand-covered staircase.
  2768 | D:4      | Reached XP level 6. HP: 6/32 MP: 6/11
  2772 | Ossuary  | Entered an ossuary
  2954 | Ossuary  | Learned a level 3 spell: Stone Arrow
  3193 | Ossuary  | Reached skill level 6 in Earth Magic
  3193 | Ossuary  | Reached XP level 7. HP: 36/36 MP: 3/13
  3772 | D:4      | Noticed Menkaure
  3780 | D:4      | Killed Menkaure
  3781 | D:4      | Reached skill level 5 in Conjurations
  3868 | D:5      | Entered Level 5 of the Dungeon
  3948 | D:5      | Noticed Ijyb
  4012 | D:5      | Reached skill level 5 in Spellcasting
  4079 | D:4      | Killed Ijyb
  4080 | D:4      | Reached skill level 7 in Earth Magic
  4080 | D:4      | Reached XP level 8. HP: 30/41 MP: 1/15
  4777 | D:5      | Found a radiant altar of Vehumet.
  4830 | D:5      | Became a worshipper of Vehumet
  5029 | D:6      | Reached skill level 8 in Earth Magic
  5285 | D:6      | Noticed Dowan
  5291 | D:6      | Reached XP level 9. HP: 45/45 MP: 10/18
  5296 | D:6      | Found a staircase to the Ecumenical Temple.
  5304 | Temple   | Entered the Ecumenical Temple
  5382 | D:6      | Noticed Duvessa
  5399 | D:6      | Killed Duvessa
  5401 | D:6      | Killed Dowan
  5553 | D:6      | Found a glowing silver altar of Zin.
  5719 | D:6      | Reached skill level 9 in Earth Magic
  5854 | D:6      | Identified the +8 great mace of the Radish {flame, rElec
                  | rPois MP+9 Str+4}
  6336 | D:7      | Reached * piety under Vehumet
  6336 | D:7      | Offered knowledge of Magic Dart by Vehumet.
  6908 | D:8      | Found a flagged portal.
  6920 | Bailey   | Entered a bailey
  7289 | Bailey   | Reached skill level 10 in Earth Magic
  7351 | Bailey   | Shot with a bolt by an orc

Illustrated notes

Levels and vault maps discovered:
D:1:      minmay_arrival_solitary_statue, layout_loops_ring,
          nicolae_twisty_statue_hallways
D:2:      minmay_alternating_diamond, layout_loops_ring, minmay_distorted
D:3:      layout_rooms, lemuel_crystal_altar, nicolae_tso_carved_into_rock,
          mainiacjoe_overflow_big_doors, uniq_terence
D:4:      layout_cave_pools, yredelemnul_altar_generic,
          gup_ossuary_entry_pyramid, uniq_blork_the_orc, uniq_menkaure
D:5:      layout_cave_pools, mainiacjoe_overflow_boulevard, uniq_ijyb
D:6:      layout_cave_pods, lemuel_round_altar, minmay_temple_entry_nine_rooms,
          uniq_duvessa
D:7:      layout_cave_pods
D:8:      minmay_curly_fans, layout_basic, enter_bailey_5, serial_bayou_lagoon_b
Temple:   eino_temple_lava
Bailey:   bailey_polearm_2, bailey

Skill      XL: |  1  2  3  4  5  6  7  8  9 |
---------------+----------------------------+-----
Earth Magic    | 4 5 6 7 8 10 | 10.1
Conjurations   | 2 3 4 5 7 8 |  8.6
Spellcasting   | 3 4 5 6 7 |  7.6
Dodging        | |  1.5
Stealth        | |  2.1

Action                     |  1- 3 |  4- 6 |  7- 9 || total
---------------------------+-------+-------+-------++-------
  Melee: Dagger            |    15 |    44 |       ||    59
   Cast: Sandblast         |    57 |    93 |   169 ||   319
         Stone Arrow       |       |     1 |    24 ||    25
    Use: Scroll            |       |       |     5 ||     5
         Potion            |       |       |     1 ||     1
 Armour: Robe              |    26 |    66 |    54 ||   146
         Leather armour    |       |       |    66 ||    66
  Dodge: Dodged            |    32 |    45 |    80 ||   157

Table legend: (Time is in decaauts)
 A = Elapsed time spent in this place.
 B = Non-inter-level travel time spent in this place.
 C = Inter-level travel time spent in this place.
 D = Time resting spent in this place.
 E = Time spent auto-exploring this place.
 F = Levels seen in this place.
 G = Mean time per level.
                   A        B        C        D        E       F      G
               +--------+--------+--------+--------+--------+-----+--------+
         Total |   7515 |   7247 |    268 |   1334 |   4538 |  11 |  683.2 |
       Dungeon |   6237 |   5969 |    268 |    460 |   4503 |   8 |  779.6 |
        Temple |     58 |     58 |      0 |     57 |      0 |   1 |   58.0 |
       Ossuary |    783 |    783 |      0 |    486 |     35 |   1 |  783.0 |
        Bailey |    436 |    436 |      0 |    331 |      0 |   1 |  436.0 |
               +--------+--------+--------+--------+--------+-----+--------+

Top non-repeatable levels by time:
     D:6: 1109 daAuts
     D:4: 1096 daAuts
     D:1: 894 daAuts
     D:2: 861 daAuts
 Ossuary: 783 daAuts
     D:7: 773 daAuts
     D:5: 729 daAuts
     D:3: 682 daAuts
  Bailey: 436 daAuts
     D:8: 89 daAuts
  Temple: 58 daAuts
